 Dungeon Sprint DCSS version 0.30-a0-964-gd452b5e7fa (webtiles) character file.

Game seed: 14187657261949702513

1329 dialectric the Imperceptible (level 8, -15/42 HPs)
             Began as a Spriggan Brigand on Mar 30, 2023.
             Was a Follower of Trog.
             Demolished by a tentacle (26 damage)
             ... attached to a kraken
             ... in the Dungeon (Sprint II: "The Violet Keep of Menkaure").
             The game lasted 00:01:27 (140 turns).

dialectric the Imperceptible (Spriggan Brigand)      Turns: 140, Time: 00:01:27

Health: -15/42     AC:  3    Str:  7    XL:     8   Next: 34%
Magic:  9/9        EV: 19    Int: 12    God:    Trog [*.....]
Gold:   729        SH:  0    Dex: 19    Spells: 7/7 levels left

rFire   . . .      SeeInvis +    a - +2 dagger
rCold   . . .      Faith    .    (no shield)
rNeg    . . .      Spirit   .    b - +0 robe
rPois   .          Reflect  .    (helmet restricted)
rElec   .          Rampage  .    c - +0 cloak
rCorr   .          NoTele   +    (gloves unavailable)
Will    +....                    (boots unavailable)
Stlth   ++++                     (no amulet)
HPRegen 0.27/turn                (no ring)
MPRegen 0.11/turn                (no ring)

@: slow
A: very small, no large weapons, unfitting armour, see invisible, speed 3
a: Renounce Religion, Berserk


You were in the Dungeon.
You worshipped Trog.
Trog was aware of your devotion.
You visited 1 branch You collected 729 gold pieces.

Inventory:

Hand Weapons
 a - a +2 dagger (weapon)
Missiles
 d - 9 poisoned darts (quivered)
 e - 3 curare-tipped darts
Armour
 b - a +0 robe (worn)
 c - a +0 cloak (worn)
Scrolls
 k - a scroll of blinking
Potions
 g - a potion of heal wounds
 h - a potion of haste
 i - 2 potions of magic


   Skills:
 + Level 4.6 Fighting
 + Level 7.0 Short Blades
 * Level 8.1 Throwing
 + Level 4.3 Dodging
 + Level 21.8 Stealth


You had 7 spell levels left.
You didn't know any spells.
Your spell library was empty.

Dungeon Overview and Level Annotations

Branches:
Dungeon (1/1)

Altars:
Cheibriados
Dithmenos
Elyvilon
Fedhas
Gozag
Hepliaklqana
Kikubaaqudgha
Makhleb
Nemelex Xobeh
Okawaru
Qazlal
Ru
Sif Muna
Trog
Uskayaw
Vehumet
Wu Jian
Xom
Yredelemnul
Zin
The Shining One
Jiyva
Lugonu

Shops:
D =[:=!(=*


Innate Abilities, Weirdness & Mutations

You are very small and have problems with some larger weapons.
You are too small for most types of armour.
You have supernaturally acute eyesight. (SInv)
You cover ground extremely quickly. (Speed+++)


Message History

You hit the water moccasin.
The water moccasin is heavily wounded.
The water moccasin misses you.
You hit the water moccasin.
The water moccasin is severely wounded.
The water moccasin misses you.
You barely miss the water moccasin.
The water moccasin is severely wounded.
The water moccasin bites you but does no damage.
You hit the water moccasin.
The water moccasin is almost dead.
The water moccasin closely misses you.
You hit the water moccasin.
The water moccasin is almost dead.
The water moccasin bites you.
You hit the water moccasin.
You kill the water moccasin!
Trog accepts your kill.
You can now go berserk at will.
Your Short Blades skill increases to level 7!
You enter the shallow water.
Moving in this stuff is going to be slow.
Unknown command.
Found a dagger and 3 large rocks.
Found eleven items.
Found seven items.
Found six items.
Unknown command.
The water moccasin hisses angrily.
A kraken comes into view.
Tentacles burst out of the water! 4 tentacles come into view.
The tentacle slaps you!
* * * LOW HITPOINT WARNING * * *
The tentacle misses you.
You completely miss the tentacle. The tentacle misses you.
Unknown command.
The water moccasin hisses angrily.
The tentacle slaps you!!
Ouch! That really hurt!
You die...

## +.### )▓$)[[)[)[▓▓ .#
...# #▓(([?(|$$▓▓ .##
#..# #▓)!?()$??▓▓ ..#
+..# #▓$!:!$[()▓▓ ..#
#..# #▓$$$:!?([▓▓
..####..####▓?![(?!?!▓▓
....###...##▓▓▓▓▓▓▓+▓▓▓▓+
......~~~~~~~~~~@w~───Xw≈
~.....~#'########+###.ww≈
~~~~..~#.._.....#S~~# ≈
~§§~~.~#._._....#~§≈§#
≈≈§~~~~#_._._...#~~~§≈#
≈§§≈~~~#._._._..#~~§≈≈≈
§§§≈≈§~#_._._._.#~~~~§§
≈≈###§≈#._._._._#§§§~≈
#≈≈#_._._._.#§~


You could see a kraken, 4 tentacles and a water moccasin.

Vanquished Creatures
  A boulder beetle (D)
  A merfolk siren (D)
  Menkaure (D)
  2 water moccasins (D)
  4 scorpions (D)
9 creatures vanquished.

Notes
Turn   | Place    | Note
-------+----------+-------------------------------------------
     0 | D        | dialectric the Spriggan Brigand began the quest for the
                  | Orb.
     0 | D        | Reached XP level 1. HP: 10/10 MP: 2/2
     1 | D        | Noticed a merfolk siren
     4 | D        | Noticed a neqoxec
     4 | D        | Noticed a neqoxec
     4 | D        | Noticed a neqoxec
     4 | D        | Noticed a neqoxec
     7 | D        | Noticed a scorpion
     7 | D        | Noticed a scorpion
     7 | D        | Noticed a scorpion
     7 | D        | Noticed a scorpion
    12 | D        | Killed a scorpion
    12 | D        | Killed a scorpion
    13 | D        | Reached skill level 13 in Stealth
    13 | D        | Reached XP level 2. HP: 16/16 MP: 3/3
    13 | D        | Reached XP level 3. HP: 19/19 MP: 4/4
    13 | D        | Reached XP level 4. HP: 23/23 MP: 5/5
    21 | D        | Killed a scorpion
    22 | D        | Reached skill level 14 in Stealth
    22 | D        | Reached XP level 5. HP: 24/28 MP: 6/6
    26 | D        | Reached skill level 5 in Throwing
    26 | D        | Reached skill level 15 in Stealth
    41 | D        | Noticed a boulder beetle
    41 | D        | Noticed a boulder beetle
    47 | D        | Killed a boulder beetle
    48 | D        | Reached skill level 20 in Stealth
    48 | D        | Reached XP level 6. HP: 14/33 MP: 7/7
    48 | D        | Reached XP level 7. HP: 16/37 MP: 8/8
    50 | D        | Found Itteuf's Jewellery Shoppe.
    50 | D        | Found Qihekymm's Distillery.
    50 | D        | Found Nunn's Antique Weapon Emporium.
    50 | D        | Found Definnac's Book Shoppe.
    50 | D        | Found Daeb Gio's Jewellery Shoppe.
    51 | D        | Found Tiabb's Antique Armour Shoppe.
    51 | D        | Found Zomuares's Jewellery Emporium.
    73 | D        | Killed a merfolk siren
    74 | D        | Reached skill level 21 in Stealth
    74 | D        | Reached XP level 8. HP: 25/42 MP: 9/9
    81 | D        | Noticed a flying skull
    81 | D        | Noticed a flying skull
    81 | D        | Noticed a flying skull
    82 | D        | Noticed a flying skull
    82 | D        | Noticed a flying skull
    82 | D        | Noticed a flying skull
    82 | D        | Noticed a flying skull
    82 | D        | Noticed a flying skull
    82 | D        | Noticed a flying skull
    82 | D        | Noticed a flying skull
    84 | D        | Found Iligo's General Store.
    86 | D        | Noticed a flying skull
    87 | D        | Noticed a flying skull
    95 | D        | Noticed Menkaure
    96 | D        | Found a stormy altar of Qazlal.
    97 | D        | Found a hazy altar of Hepliaklqana.
    97 | D        | Found an ornate altar of the Wu Jian Council.
    97 | D        | Found a sacrificial altar of Ru.
    98 | D        | Found a viscous altar of Jiyva.
    98 | D        | Found a shimmering blue altar of Sif Muna.
    99 | D        | Found a snail-covered altar of Cheibriados.
    99 | D        | Found an ancient bone altar of Kikubaaqudgha.
    99 | D        | Found a shimmering altar of Xom.
    99 | D        | Found a bloodstained altar of Trog.
   100 | D        | Found a shadowy altar of Dithmenos.
   100 | D        | Found a corrupted altar of Lugonu.
   101 | D        | Found a white marble altar of Elyvilon.
   101 | D        | Found a burning altar of Makhleb.
   102 | D        | Found a blossoming altar of Fedhas.
   104 | D        | Found an opulent altar of Gozag.
   104 | D        | Found a glowing golden altar of the Shining One.
   104 | D        | Found a basalt altar of Yredelemnul.
   104 | D        | Found a hide-covered altar of Uskayaw.
   104 | D        | Found a sparkling altar of Nemelex Xobeh.
   105 | D        | Found a glowing silver altar of Zin.
   105 | D        | Found a radiant altar of Vehumet.
   105 | D        | Found an iron altar of Okawaru.
   111 | D        | Became a worshipper of Trog the Wrathful
   119 | D        | Killed Menkaure
   129 | D        | Reached * piety under Trog
   137 | D        | Noticed a kraken
   140 | D        | Demolished by a tentacle

Illustrated notes

Levels and vault maps discovered:
D:        the_violet_keep_of_menkaure [sprint2_stairs_cluster_1,
          sprint2_shoproom, sprint2_temple, sprint2_basic_supplies,
          sprint2_obstacle_3, sprint2_obstacle_2, sprint2_obstacle_1,
          sprint2_obstacle_5, sprint2_obstacle_7, sprint2_timed_cluster_1,
          sprint2_smallroom_cluster_1, sprint2_smallroom_final_cluster_1,
          sprint2_transparent_cluster_1, sprint2_second_timed_cluster_1,
          sprint2_sniper_area_1, sprint2_heavy_combat_area_1,
          sprint2_mutation_trap_area_1, sprint2_forest_area_1,
          sprint2_light_combat_area_1, sprint2_behind_water_1,
          sprint2_near_end_vault_1]

Skill      XL: |  1  2  3  4  5  6  7  8 |
---------------+-------------------------+-----
Fighting       | 2 3 4 |  4.6
Short Blades   | 3 4 6 7 |  7.0
Throwing       | 3 4 7 8 |  8.1
Stealth        | 13 14 20 21 | 21.8
Dodging        | 2 3 4 |  4.3

Action                     |  1- 3 |  4- 6 |  7- 9 || total
---------------------------+-------+-------+-------++-------
  Melee: Dagger            |     1 |    15 |    20 ||    36
  Throw: Dart              |     3 |       |     4 ||     7
    Use: Potion            |     1 |     1 |       ||     2
   Stab: Sleeping          |       |     2 |     1 ||     3
 Armour: Robe              |       |       |     1 ||     1
  Dodge: Dodged            |     4 |     5 |    15 ||    24

Table legend: (Time is in decaauts)
 A = Elapsed time spent in this place.
 B = Non-inter-level travel time spent in this place.
 C = Inter-level travel time spent in this place.
 D = Time resting spent in this place.
 E = Time spent auto-exploring this place.
 F = Levels seen in this place.
 G = Mean time per level.
                   A        B        C        D        E       F      G
               +--------+--------+--------+--------+--------+-----+--------+
         Total |    112 |    112 |      0 |      0 |      0 |   1 |  112.0 |
       Dungeon |    112 |    112 |      0 |      0 |      0 |   1 |  112.0 |
               +--------+--------+--------+--------+--------+-----+--------+

Top non-repeatable levels by time:
       D: 112 daAuts
